 Dungeon Crawl Stone Soup version 0.20.1-1-g8b1a95d (webtiles) character file.

4413 Reeggar the Carver (level 10, -5/77 HPs)
             Began as a Demonspawn Berserker on Oct 14, 2017.
             Was a Priest of Trog.
             Slain by a two-headed ogre
             ... wielding a +0 giant club
              (7 damage)
             ... on level 9 of the Dungeon.
             The game lasted 00:54:03 (10331 turns).

Reeggar the Carver (Demonspawn Berserker)          Turns: 10331, Time: 00:54:04

Health: -5/77      AC: 17    Str: 20    XL:     10   Next: 14%
Magic:  10/10      EV: 13    Int:  8    God:    Trog [***...]
Gold:   406        SH:  0    Dex: 14    Spells: 9/9 levels left

rFire    . . .     SeeInvis .   a - +1 falchion
rCold    + . .     Gourm    .   (no shield)
rNeg     . . .     Faith    .   i - +5 ring mail {rC+}
rPois    .         Spirit   .   n - +2 helmet
rElec    .         Reflect  .   v - +0 cloak
rCorr    .         Harm     .   (no gloves)
MR       .....                  (no boots)
Stlth    +++.......             (no amulet)
Regen    0.3/turn               p - ring of flight
MPRegen  0.2/turn               t - +2 ring of slaying

@: drained
A: talons 2, icy blue scales 1, mutation resistance 1, nightstalker 1, rot
immunity
a: Berserk, Trog's Hand, Burn Spellbooks, Renounce Religion, Evoke Flight


You were on level 9 of the Dungeon.
You worshipped Trog.
Trog was most pleased with you.
You were not hungry.

You visited 1 branch of the dungeon, and saw 9 of its levels.

You collected 614 gold pieces.
You spent 208 gold pieces at shops.

Inventory:

Hand Weapons
 a - a +1 falchion (weapon)
 D - a cursed +3 great sword
Armour
 i - a +5 ring mail of cold resistance (worn)
 n - a +2 helmet (worn)
 v - a +0 cloak (worn)
Jewellery
 p - a ring of flight (left hand)
 t - a +2 ring of slaying (right hand)
 x - an uncursed ring of positive energy {unknown}
Wands
 c - a wand of lightning (4/15)
 f - a wand of acid (9/15)
 m - a wand of digging (6/24)
 y - a wand of polymorph (9/24)
 B - a wand of flame (28/48)
Scrolls
 d - 2 scrolls of blinking
 r - 4 scrolls of teleportation
Potions
 e - 2 potions of haste
 g - a potion of flight
 h - a potion of invisibility
 j - 2 potions of brilliance
 l - a potion of cancellation
 q - 2 potions of resistance {unknown}
 s - a potion of mutation {unknown}
 u - 2 potions of might
 z - 3 potions of agility {unknown}
Comestibles
 b - 3 chunks of flesh
 k - 3 meat rations
 w - 2 fruits
 A - a bread ration


   Skills:
 + Level 6.4(5.8) Fighting
 + Level 9.2(8.6) Long Blades
 + Level 6.1(5.5) Armour
 + Level 5.5(4.9) Dodging
 + Level 4.3(3.7) Stealth


You had 9 spell levels left.
You didn't know any spells.

Dungeon Overview and Level Annotations

Branches:
Dungeon (9/15)             Temple (0/1) D:5
   Lair: D:8-11         Orc: D:9-12

Altars:
Ashenzari
Cheibriados
Dithmenos
Fedhas
Gozag
Makhleb
Nemelex Xobeh
Ru
Yredelemnul
The Shining One

Shops:
D:7 ?


Innate Abilities, Weirdness & Mutations

You have razor-sharp toenails.
You are partially covered in icy blue scales. (AC +2)
You are slightly more attuned to the shadows.
You are immune to rotting.
You are somewhat resistant to further mutation.


Message History

The two-headed ogre is moderately wounded.
The two-headed ogre misses you.
You hit the two-headed ogre. You claw the two-headed ogre.
The two-headed ogre is moderately wounded.
You hit the two-headed ogre. You claw the two-headed ogre.
The two-headed ogre is heavily wounded.
The two-headed ogre hits you with a giant club!!
The two-headed ogre hits you with a giant club.
You hit the two-headed ogre. Your kick misses the two-headed ogre.
The two-headed ogre is heavily wounded.
The two-headed ogre hits you with a giant club! x2
You hit the two-headed ogre. Your kick misses the two-headed ogre.
The two-headed ogre is heavily wounded.
The two-headed ogre barely misses you.
The two-headed ogre hits you with a giant club!
* * * LOW HITPOINT WARNING * * *
The two-headed ogre hits you with a giant club!
* * * LOW HITPOINT WARNING * * *
The two-headed ogre hits you with a giant club!
You die...

#................#
#......######.......
##......#########.##..
#.......'.......#... ..
#.......#######.######.
.o
#.######....>.........
.o # .######.######
.### .# #.# #.. o... .#
#@# #.####..### .#
#O###..........
#..).......>#
#############


You could see a two-headed ogre.

Vanquished Creatures
  A two-headed ogre (D:8)
  The ghost of Drevant the Chopper, a novice MiBe of Trog (D:6)
  A hippogriff (D:7)
  Menkaure (D:6)
  3 orc warriors
  A sky beast (D:9)
  A necrophage (D:7)
  4 ogres
  2 phantoms
  A black bear (D:9)
  An ice beast (D:4)
  3 centaurs
  4 bullfrogs
  A big kobold (D:7)
  A killer bee (D:7)
  4 scorpions
  3 wights (D:9)
  A crimson imp (D:7)
  5 hounds
  4 jellies
  3 orc wizards
  4 orc priests
  2 bullfrog skeletons
  A centaur skeleton (D:9)
  2 iguanas (D:4)
  4 worker ants
  2 hound zombies (D:6)
  A hound skeleton (D:7)
  A worker ant zombie (D:3)
  A howler monkey skeleton (D:6)
  5 gnolls
  10 adders
  A shadow imp (D:9)
  2 oozes
  2 adder zombies (D:5)
  6 worms
  2 dart slugs (D:1)
  3 leopard geckos
  15 orcs
  6 bats
  7 giant cockroaches
  6 goblins
  5 hobgoblins
  11 jackals
  2 quokkas
  2 ball pythons
  6 frilled lizards
  A jackal skeleton (D:5)
  14 kobolds
  A leopard gecko skeleton (D:7)
  12 rats
  A withered plant (D:3)
184 creatures vanquished.

Notes
Turn   | Place    | Note
-------+----------+-------------------------------------------
     0 | D:1      | Reeggar the Demonspawn Berserker began the quest for the Orb.
     0 | D:1      | Reached XP level 1. HP: 18/18 MP: 1/1
   123 | D:1      | Gained mutation: You are slightly more attuned to the shadows. [demonic ancestry]
   123 | D:1      | Reached XP level 2. HP: 15/24 MP: 2/2
   218 | D:1      | Reached skill level 3 in Long Blades
   830 | D:1      | Gained mutation: You are partially covered in icy blue scales. (AC +2) [demonic ancestry]
   830 | D:1      | Reached XP level 3. HP: 29/29 MP: 3/3
   853 | D:1      | Reached ** piety under Trog
  2100 | D:2      | Reached XP level 4. HP: 26/36 MP: 4/4
  3092 | D:3      | Found a shattered altar of Ashenzari.
  3803 | D:3      | Reached skill level 1 in Stealth
  3873 | D:3      | Reached XP level 5. HP: 42/42 MP: 5/5
  3979 | D:3      | Reached skill level 4 in Long Blades
  4560 | D:4      | Noticed an ice beast
  4576 | D:4      | Killed an ice beast
  4576 | D:4      | Gained mutation: You have sharp toenails. [demonic ancestry]
  4576 | D:4      | Reached XP level 6. HP: 48/48 MP: 6/6
  5665 | D:4      | Reached skill level 5 in Long Blades
  5665 | D:4      | Reached XP level 7. HP: 35/54 MP: 7/7
  6080 | D:5      | Entered Level 5 of the Dungeon
  6130 | D:5      | Found a staircase to the Ecumenical Temple.
  6664 | D:5      | Found a sacrificial altar of Ru.
  6665 | D:5      | Found a blossoming altar of Fedhas.
  6666 | D:5      | Found a basalt altar of Yredelemnul.
  6667 | D:5      | Found a shadowy altar of Dithmenos.
  6673 | D:5      | Found a snail-covered altar of Cheibriados.
  7004 | D:6      | Reached *** piety under Trog
  7159 | D:6      | Noticed Menkaure
  7168 | D:6      | Killed Menkaure
  7168 | D:6      | Reached skill level 6 in Long Blades
  7168 | D:6      | Gained mutation: You have razor-sharp toenails. [demonic ancestry]
  7168 | D:6      | Reached XP level 8. HP: 43/61 MP: 8/8
  7347 | D:6      | Noticed Drevant's ghost (novice MiBe)
  7401 | D:6      | Killed Drevant's ghost
  7401 | D:6      | Reached skill level 5 in Fighting
  7410 | D:6      | Reached skill level 5 in Armour
  7546 | D:6      | Reached skill level 7 in Long Blades
  7652 | D:6      | Found a faded altar of an unknown god.
  7658 | D:6      | Found a faded altar of an unknown god.
  7669 | D:6      | Found a sparkling altar of Nemelex Xobeh.
  7672 | D:6      | Found a glowing golden altar of the Shining One.
  7675 | D:6      | Found a burning altar of Makhleb.
  8241 | D:7      | Reached XP level 9. HP: 45/68 MP: 9/9
  8354 | D:7      | Found Taxuh's Magic Scroll Shop.
  8360 | D:7      | Bought a scroll of enchant weapon for 82 gold pieces
  8360 | D:7      | Bought a scroll of enchant armour for 82 gold pieces
  8360 | D:7      | Bought a scroll of identify for 22 gold pieces
  8360 | D:7      | Bought a scroll of identify for 22 gold pieces
  8856 | D:7      | Reached skill level 8 in Long Blades
  8897 | D:7      | Reached skill level 5 in Dodging
  9150 | D:8      | Found an opulent altar of Gozag.
  9324 | D:8      | Noticed a two-headed ogre
  9337 | D:8      | Killed a two-headed ogre
  9891 | D:9      | Reached skill level 9 in Long Blades
  9939 | D:9      | Gained mutation: You are immune to rotting. [demonic ancestry]
  9939 | D:9      | Reached XP level 10. HP: 76/76 MP: 10/10
 10070 | D:9      | Gained mutation: You are somewhat resistant to further mutation. [mutagenic meat]
 10315 | D:9      | Noticed a two-headed ogre
 10331 | D:9      | HP: 2/77 [two-headed ogre/giant club (13)]
 10331 | D:9      | Slain by a two-headed ogre

Skill      XL: |  1  2  3  4  5  6  7  8  9 10 |
---------------+-------------------------------+-----
Dodging        | 2 3 4 5 |  5.5
Long Blades    | 3 4 5 6 7 9 |  9.2
Armour         | 2 3 4 5 6 |  6.1
Stealth        | 1 2 3 4 |  4.3
Fighting       | 4 5 6 |  6.4

Action                   |  1- 3 |  4- 6 |  7- 9 | 10-12 || total
-------------------------+-------+-------+-------+-------++-------
Melee: Falchion          |   141 |   272 |   285 |    55 ||   753
       Kick              |       |    33 |   115 |    17 ||   165
Invok: Berserk           |     1 |     3 |     3 |     2 ||     9
       Trog's Hand       |       |     5 |     3 |     2 ||    10
  Use: Scroll            |       |    11 |    17 |       ||    28
       Potion            |       |       |       |     2 ||     2
 Stab: Sleeping          |     3 |     5 |     9 |     1 ||    18
  Eat: Chunk             |     5 |     8 |     3 |     2 ||    18
       Bread ration      |       |     1 |     3 |       ||     4
       Meat ration       |       |     1 |     1 |       ||     2
Armor: Animal skin       |    33 |    21 |       |       ||    54
       Ring mail         |       |    71 |   104 |    15 ||   190
Dodge: Dodged            |    95 |   157 |   172 |    30 ||   454
       Rpst.: Falchion   |    26 |    41 |    53 |     7 ||   127
